 Dungeon Crawl Stone Soup version 0.26-a0-394-g0b5ff556b1 (webtiles) character file.

Game seed: 10577161679918016051

1507 MrRokkomies the Zephyrmancer (level 8, -1/48 HPs)
             Began as a Tengu Air Elementalist on July 23, 2020.
             Was an Initiate of Ashenzari.
             Hit by a stone thrown by an orc warrior (13 damage)
             ... on level 6 of the Dungeon.
             The game lasted 00:22:01 (7734 turns).

MrRokkomies the Zephyrmancer (TeAE)                 Turns: 7734, Time: 00:22:01

Health: -1/48      AC:  4    Str:  8    XL:     8   Next: 82%
Magic:  5/12       EV: 16    Int: 18    God:    Ashenzari [......]
Gold:   90         SH:  5    Dex: 15    Spells: 1/11 levels left

rFire    . . .     SeeInvis +   a - +4 dagger (elec) (curse)
rCold    . . .     Faith    .   o - +0 buckler (curse)
rNeg     . . .     Spirit   .   r - +0 robe (curse)
rPois    .         Reflect  .   w - +0 hat
rElec    .         Harm     .   k - +1 cloak
rCorr    .                      (no gloves)
MR       .....                  (boots unavailable)
Stlth    ++........             (no amulet)
HPRegen  0.16/turn              i - ring of see invisible
MPRegen  0.13/turn              (no ring)

@: flying quickly and evasively, quick
A: beak, talons 3, able to fly
a: Stop Flying, Curse Item, Renounce Religion


You were on level 6 of the Dungeon.
You worshipped Ashenzari.
Ashenzari was noncommittal.
You visited 2 branches of the dungeon, and saw 7 of its levels.

You collected 190 gold pieces.
You spent 100 gold pieces at shops.

Inventory:

Hand Weapons
 a - a cursed +4 dagger of electrocution (weapon)
 b - a +0 short sword
Missiles
 q - 3 poisoned darts (quivered)
Armour
 k - a +1 cloak (worn)
 l - a +0 robe
 o - a cursed +0 buckler (worn)
 r - a cursed +0 robe (worn)
 t - a +3 leather armour
 w - a +0 hat (worn)
Jewellery
 i - a ring of see invisible (left hand)
Wands
 g - a wand of polymorph (11)
 s - a wand of clouds (6)
 v - a wand of flame (12)
Scrolls
 n - a scroll of enchant armour
 x - a scroll of fear
Potions
 c - a potion of resistance
 d - a potion of berserk rage
 e - a potion of flight {unknown}
 f - 2 potions of mutation
 h - 2 potions of might {unknown}
 j - a potion of magic {unknown}
 m - a potion of cancellation {unknown}
 p - a potion of stabbing {unknown}
 u - 2 potions of heal wounds
 z - a potion of curing


   Skills:
 + Level 4.1 Fighting
 - Level 2.9 Dodging
 - Level 2.0 Stealth
 + Level 3.7 Shields
 - Level 2.0 Spellcasting
 * Level 8.0 Conjurations
 * Level 9.0 Air Magic


You had one spell level left.
You knew the following spells:

 Your Spells              Type           Power        Failure   Level
a - Shock                 Conj/Air       ####         1%          1
b - Swiftness             Air            ####....     1%          2
c - Static Discharge      Conj/Air       ####....     1%          3
d - Airstrike             Air            ####......   4%          4

Your spell library contained the following spells:

 Spells                   Type           Power        Failure   Level
 Animate Skeleton         Necr           #.....       19%         1
 Apportation              Tloc           #.....       19%         1
 Corona                   Hex            #......      19%         1
 Summon Small Mammal      Summ           #...         19%         1
 Lightning Bolt           Conj/Air       ####......   16%         5


Dungeon Overview and Level Annotations

Branches:
Dungeon (6/15)             Temple (1/1) D:4

Altars:
Ashenzari
Cheibriados
Dithmenos
Elyvilon
Fedhas
Gozag
Hepliaklqana
Kikubaaqudgha
Makhleb
Okawaru
Qazlal
Ru
Sif Muna
Trog
Uskayaw
Vehumet
Wu Jian
Xom
Yredelemnul
Zin
The Shining One

Shops:
D:4 *!   D:5 [


Innate Abilities, Weirdness & Mutations

You have a beak for a mouth.
You have claws for feet.
You can fly continuously.


Message History

You block the stone.
You see here 2 stones.
You closely miss the orc. You claw the orc. You peck the orc.
You kill the orc!
The orc warrior throws a stone.
The stone hits you!
The orc throws a boomerang.
The boomerang barely misses you.
The weapon returns to the orc!
You see here 3 stones.
Things that are here:
a cursed -2 club; an orc corpse You hit the orc.
Lightning courses through the orc!
You kill the orc!
The orc warrior throws a stone.
You block the stone. The orc hits you with a cursed +0 club.
* * * LOW HITPOINT WARNING * * *
Things that are here:
a stone; a cursed -2 club; an orc corpse The orc warrior throws a stone.
The stone completely misses you.
The orc warrior throws a stone.
The stone closely misses you.
The orc warrior throws a stone.
The stone hits you!
You die...

#.#..##..# #.#.# #.#
.......(.######.#.###.#
.........†...##....##.#
.......=...o[.........#
#.#.###..$...##.......#####
.........((()..[..........#
###......((...o.....#.###.#
###....###....#.#.#.###.##
#.........@..............
#...)......##.#.#.###.###
#........#(##.#.#.#
#......#......<...#
###+####.#.##...###
#.#.##...# ...........
#######.....# ###...#


You could see an orc warrior and an orc.

Vanquished Creatures
  Pikel (D:4)
  A phantom (D:4)
  A centaur (D:5)
  2 lemures (D:4)
  Blork the orc (D:6)
  A bullfrog (D:6)
  A scorpion (D:4)
  3 orc priests
  4 orc wizards
  4 jellies
  3 iguanas
  Jessica (D:2)
  3 worker ants
  A hound skeleton (D:4)
  Robin (D:2)
  6 adders
  An ooze (D:3)
  3 worms
  3 leopard geckos (D:5)
  21 orcs
  6 giant cockroaches
  14 goblins
  11 hobgoblins
  2 jackals (D:3)
  A quokka (D:4)
  A ball python (D:3)
  8 bats
  9 frilled lizards
  4 kobolds
  A quokka skeleton (D:4)
  6 rats
125 creatures vanquished.

Notes
Turn   | Place    | Note
-------+----------+-------------------------------------------
     0 | D:1      | MrRokkomies the Tengu Air Elementalist began the quest for
                  | the Orb.
     0 | D:1      | Reached XP level 1. HP: 10/10 MP: 4/4
  1017 | D:1      | Reached XP level 2. HP: 12/15 MP: 6/6
  1382 | D:2      | Noticed Robin
  1745 | D:2      | Killed Robin
  1745 | D:2      | Reached skill level 1 in Fighting
  1745 | D:2      | Reached XP level 3. HP: 12/20 MP: 0/7
  1969 | D:1      | Learned a level 2 spell: Swiftness
  1973 | D:1      | Learned a level 3 spell: Static Discharge
  2652 | D:2      | Reached XP level 4. HP: 15/25 MP: 4/8
  2908 | D:2      | Reached skill level 5 in Air Magic
  3261 | D:2      | Noticed Jessica
  3264 | D:2      | Killed Jessica
  3425 | D:2      | Found a glowing golden altar of the Shining One.
  3726 | D:3      | Gained mutation: You can fly continuously. [Tengu growth]
  3726 | D:3      | Reached XP level 5. HP: 18/29 MP: 9/9
  4839 | D:3      | Reached skill level 1 in Shields
  4847 | D:3      | Found a stormy altar of Qazlal.
  4922 | D:4      | Found Asmif's Elemental Accessories.
  4962 | D:4      | Reached XP level 6. HP: 32/35 MP: 0/10
  5167 | D:4      | Noticed a phantom
  5186 | D:4      | Reached skill level 6 in Air Magic
  5371 | D:4      | Reached skill level 5 in Conjurations
  5534 | D:4      | Found Xuihohe's Distillery.
  5547 | D:4      | Identified the +1 chain mail "Nealul" {Harm rF+} (You found
                  | it on level 4 of the Dungeon)
  5559 | D:4      | Bought a potion of heal wounds for 50 gold pieces
  5559 | D:4      | Bought a potion of heal wounds for 50 gold pieces
  5655 | D:4      | Reached XP level 7. HP: 36/40 MP: 11/11
  5686 | D:4      | Found a staircase to the Ecumenical Temple.
  5696 | Temple   | Entered the Ecumenical Temple
  5787 | Temple   | Became a worshipper of Ashenzari the Shackled
  6009 | D:5      | Entered Level 5 of the Dungeon
  6009 | D:5      | Noticed Pikel
  6226 | D:4      | Reached skill level 7 in Air Magic
  6350 | D:4      | Killed Pikel
  6350 | D:4      | Reached skill level 8 in Air Magic
  6350 | D:4      | Reached XP level 8. HP: 24/47 MP: 5/12
  6622 | D:5      | Found a glowing drain.
  7103 | D:5      | Found a sacrificial altar of Ru.
  7380 | D:5      | Found Jurchehao's Antique Armour Shoppe.
  7601 | D:6      | Learned a level 4 spell: Airstrike
  7657 | D:6      | Noticed Blork the orc
  7691 | D:6      | Killed Blork the orc
  7691 | D:6      | Reached skill level 9 in Air Magic
  7734 | D:6      | Hit by a stone thrown by an orc warrior

Illustrated notes

Levels and vault maps discovered:
D:1:      nagdon_arrival_double_spiral, layout_basic
D:2:      layout_loops_ring, nicolae_tso_swordbearing_angel, uniq_jessica,
          uniq_robin
D:3:      layout_basic, nicolae_qazlal_eye_of_the_storm
D:4:      layout_basic, minmay_temple_entry_trees, serial_shops, shop_statue,
          nicolae_elemental_shop, minivault_14
D:5:      layout_loops_ring, basic_altar, serial_shops, shop,
          gup_sewer_entry_pipe, uniq_pikel
D:6:      layout_basic, nemelex_altar_shiori, basic_altar,
          lemuel_flamethrower_1, uniq_blork_the_orc
Temple:   grunt_wide_crystal_templ

Skill      XL: |  1  2  3  4  5  6  7  8 |
---------------+-------------------------+-----
Conjurations   | 2 3 4 5 7 8 |  8.0
Fighting       | 1 2 3 4 |  4.1
Air Magic      | 5 6 8 9 |  9.0
Shields        | 1 3 |  3.7
Dodging        | |  2.9
Stealth        | |  2.0
Spellcasting   | |  2.0

Action                   |  1- 3 |  4- 6 |  7- 9 || total
-------------------------+-------+-------+-------++-------
Melee: Unarmed           |    21 |       |       ||    21
       Kick              |    10 |    23 |    17 ||    50
       Short sword       |    39 |    16 |       ||    55
       Peck              |     7 |    13 |    14 ||    34
       Dagger            |       |    96 |    74 ||   170
Throw: Dart              |       |     9 |     4 ||    13
 Cast: Shock             |    32 |    24 |    20 ||    76
       Static Discharge  |       |     4 |     7 ||    11
       Swiftness         |       |     1 |       ||     1
       Airstrike         |       |       |     1 ||     1
Invok: Curse Item        |       |       |     2 ||     2
 Abil: Fly               |       |     1 |       ||     1
Evoke: Wand              |       |       |     1 ||     1
  Use: Scroll            |     2 |     6 |     1 ||     9
       Potion            |     1 |       |       ||     1
 Stab: Sleeping          |     3 |     3 |     3 ||     9
Armor: Robe              |     7 |    23 |    10 ||    40
Dodge: Dodged            |    62 |    83 |    73 ||   218
Block: Buckler           |       |    17 |    26 ||    43

Table legend: (Time is in decaauts)
 A = Elapsed time spent in this place.
 B = Non-inter-level travel time spent in this place.
 C = Inter-level travel time spent in this place.
 D = Time resting spent in this place.
 E = Time spent auto-exploring this place.
 F = Levels seen in this place.
 G = Mean time per level.
                   A        B        C        D        E       F      G
               +--------+--------+--------+--------+--------+-----+--------+
         Total |   7616 |   7472 |    144 |   2522 |   3743 |   7 | 1088.0 |
       Dungeon |   7524 |   7405 |    119 |   2522 |   3679 |   6 | 1254.0 |
        Temple |     92 |     67 |     25 |      0 |     63 |   1 |   92.0 |
               +--------+--------+--------+--------+--------+-----+--------+

Top non-repeatable levels by time:
     D:2: 2209 daAuts
     D:1: 1783 daAuts
     D:4: 1292 daAuts
     D:3: 1106 daAuts
     D:5: 971 daAuts
     D:6: 162 daAuts
  Temple: 92 daAuts
